 Dungeon Crawl Stone Soup version 0.17-a0-1409-ge6d9485 (webtiles) character file.

24 wvc the Magician (level 2, -1/21 HPs)
             Began as a Mummy Wanderer on June 22, 2015.
             Slain by Terence
             ... wielding a +0 flail of draining
              (8 damage)
             ... on level 2 of the Dungeon.
             The game lasted 00:03:15 (1144 turns).

wvc the Magician (Mummy Wanderer)                   Turns: 1144, Time: 00:03:15

Health: -1/21      AC:  5    Str: 11    XL:     2   Next: 79%
Magic:  6/6        EV: 11    Int: 10    God:
Gold:   94         SH:  0    Dex: 16    Spells: 0 memorised, 7 levels left

rFire  x . .     SeeInvis .     h - +1 short sword (elec)
rCold  + . .     Clarity  .     g - +0 leather armour
rNeg   + + +     SustAt   .     (no shield)
rPois  ∞         Gourm    .     (no helmet)
rElec  .         Spirit   .     d - +1 cloak
rCorr  .         Warding  .     (no gloves)
rMut   .         Stasis   .     (no boots)
MR     .....                    (no amulet)
Stlth  ++........               (no ring)
                                (no ring)

@: not resistant to hostile enchantments, unstealthy
A: no food or potions, fire vulnerability, cold resistance 1, negative energy
resistance 3, torment resistance, unbreathing
a: no special abilities


You were on level 2 of the Dungeon.
You were not hungry.

You visited 1 branch of the dungeon, and saw 2 of its levels.

You collected 94 gold pieces.

Inventory:

Hand weapons
 e - a +0 hand axe
 h - a +1 short sword of electrocution (weapon)
 k - a +1 spear of piercing
Missiles
 i - 6 javelins (quivered)
Armour
 d - a +1 cloak (worn)
 g - a +0 leather armour (worn)
Scrolls
 a - a scroll of magic mapping {unknown}
 b - 2 scrolls of blinking
 c - 2 scrolls of teleportation
 f - a scroll of enchant armour {unknown}
 j - a scroll of identify {unknown}
 l - a scroll of fog {unknown}


   Skills:
 - Level 1.0 Fighting
 - Level 1.2 Axes
 + Level 0.1 Armour
 + Level 1.2 Dodging
 - Level 1.5 Stealth
 - Level 1.5 Unarmed Combat
 - Level 3.0 Spellcasting
   Level 1.0 Charms
   Level 1.0 Ice Magic


You had 7 spell levels left.
You didn't know any spells.

Dungeon Overview and Level Annotations

Branches:
Dungeon (2/15)

Altars:

Annotations:
D:2 Terence


Innate Abilities, Weirdness & Mutations

You do not eat or drink.
Your flesh is vulnerable to fire.
You are immune to poison.
Your flesh is cold resistant.
You are immune to negative energy.
You are immune to unholy pain and torment.
You can survive without breathing.


Message History

Terence hits you with a flail of draining!
You closely miss Terence.
Terence is moderately wounded.
Terence misses you.
You hit Terence but do no damage.
Terence is moderately wounded.
Terence hits you but does no damage.
You barely miss Terence.
Terence is moderately wounded.
Terence hits you with a flail of draining.
Wield which item (- for none, * to show all)? (? for menu, Esc to quit)
You hear the crackle of electricity.
h - a +1 short sword of electrocution (weapon)
You barely miss Terence.
Terence is moderately wounded.
Terence hits you with a flail of draining.
You hit Terence.
Terence is moderately wounded.
Terence hits you with a flail of draining!
You die...

...........##
#.#..####.###......
#.#..# #.# #.##.##
#.#..####.###.##.#
##.#...........##.##
#..........###.##...
#..##.....(# #......
#####.@##.####(#
#######
.......@.......#
####..##..###.(# #.
#..# #.(# # #..#
#..# #..###..#
........)#
....###.## ##.......
###.#


You could see Terence.

Vanquished Creatures
  An ooze (D:1)
  A giant gecko (D:1)
  A giant cockroach (D:2)
  3 goblins
  2 hobgoblins (D:1)
  A ball python (D:1)
  5 bats (D:1)
  2 giant newts (D:1)
  3 kobolds
  2 rats
21 creatures vanquished.

Notes
Turn   | Place    | Note
--------------------------------------------------------------
     0 | D:1      | wvc the Mummy Wanderer began the quest for the Orb.
     0 | D:1      | wvc set off with: a +2 dagger, a scroll of blinking, 2 scrolls of teleportation, a +0 robe
     0 | D:1      | Reached XP level 1. HP: 15/15 MP: 4/4
   140 | D:1      | Reached skill level 1 in Axes
   341 | D:1      | Reached XP level 2. HP: 21/21 MP: 6/6
   402 | D:1      | Reached skill level 1 in Dodging
  1131 | D:2      | Noticed Terence
  1144 | D:2      | Slain by Terence

Vault maps used:
D:1:      minmay_arrival_split_and_join
D:2:      first_bread, uniq_crazy_yiuf_cottage, uniq_terence

Action                   || total
-------------------------++-------
Melee: Hand axe          ||    34
       Short sword       ||    24
       Spear             ||    14
 Stab: Sleeping          ||     4
       Distracted        ||     1
